 Dungeon Crawl Stone Soup version 0.22-a0-580-gd5db89c (webtiles) character file.

133 wellist the Skirmisher (level 5, -9/47 HPs)
             Began as a Hill Orc Fighter on July 3, 2018.
             Mangled by an ogre
             ... wielding a +0 giant spiked club
              (24 damage)
             ... on level 3 of the Dungeon.
             The game lasted 00:14:08 (2342 turns).

wellist the Skirmisher (Hill Orc Fighter)           Turns: 2342, Time: 00:14:08

Health: -9/47      AC:  7    Str: 20    XL:     5   Next: 16%
Magic:  5/5        EV:  7    Int:  8    God:
Gold:   76         SH:  9    Dex: 10    Spells: 4/4 levels left

rFire    + . .     SeeInvis .   a - +0 war axe
rCold    . . .     Gourm    .   c - +0 shield
rNeg     . . .     Faith    .   b - +0 scale mail
rPois    .         Spirit   .   (no helmet)
rElec    .         Reflect  .   (no cloak)
rCorr    .         Harm     .   (no gloves)
MR       .....                  (no boots)
Stlth    ..........             (no amulet)
HPRegen  0.15/turn              p - ring of protection from fire
MPRegen  0.09/turn              (no ring)

@: no status effects
A: no striking features
a: no special abilities


You were on level 3 of the Dungeon.
You were not hungry.

You visited 1 branch of the dungeon, and saw 3 of its levels.

You collected 76 gold pieces.

Inventory:

Hand Weapons
 a - a +0 war axe (weapon)
Armour
 b - a +0 scale mail (worn)
 c - a +0 shield (worn)
Jewellery
 p - a ring of protection from fire (left hand)
Scrolls
 e - a scroll of teleportation {unknown}
 g - 2 scrolls of enchant armour {unknown}
 i - 2 scrolls of identify {unknown}
 j - a scroll of fog {unknown}
 l - a scroll of immolation {unknown}
 m - a scroll of blinking {unknown}
 n - a scroll of remove curse {unknown}
Potions
 d - a potion of might
 h - 2 potions of curing {unknown}
 k - a potion of flight {unknown}
Comestibles
 f - 5 rations
 o - 4 chunks of flesh


   Skills:
 * Level 4.8 Fighting
 * Level 4.2 Axes
 * Level 4.3 Armour
 + Level 3.8 Shields


You had 4 spell levels left.
You didn't know any spells.
Your spell library contained the following spells:

 Spells                   Type           Power        Failure   Level  Hunger
 Magic Dart               Conj           #...         99%         1    ##.....
 Conjure Flame            Conj/Fire      #.......     100%        3    ####...
 Slow                     Hex            #.......     100%        2    ###....
 Mephitic Cloud           Conj/Pois/Air  #.......     100%        3    ####...
 Blink                    Tloc           N/A          100%        2    ###....
 Call Imp                 Summ           #.......     100%        2    ###....


Dungeon Overview and Level Annotations

Branches:
Dungeon (3/15)

Altars:
Elyvilon

Annotations:
D:2 Sigmund


Message History

You see here a dagger.
f - 4 rations (gained 1)
You now have 76 gold pieces (gained 14).
f - 5 rations (gained 1)
An ogre comes into view. It is wielding a giant spiked club.
The ogre shouts!
The ogre moves out of view.
Your shield prevents you from hitting the ogre.
You block the ogre's attack.
You barely miss the ogre.
The ogre hits you with a giant spiked club!
Your shield and scale mail prevent you from hitting the ogre.
The ogre closely misses you.
You completely miss the ogre.
The ogre hits you with a giant spiked club!!
You hit the ogre.
The ogre is lightly wounded.
The ogre hits you with a giant spiked club!!
Ouch! That really hurt!
You die...

#..##P. #.#.P #...P♣♣♣♣
#....P.♣♣ # #.##....♣
##.# ####.###..P. #....
#..........♣
......########.########.♣
#......O@......# #.#
#.....########## #.#
#.... ..# ###. .## # .
#.# #.# #.#


You could see an ogre.

Vanquished Creatures
  An orc wizard (D:3)
  4 adders
  An ooze (D:1)
  A worm (D:2)
  A dart slug (D:1)
  A leopard gecko (D:1)
  10 orcs (D:3)
  3 bats (D:1)
  3 giant cockroaches (D:1)
  6 goblins
  2 hobgoblins (D:1)
  3 jackals (D:1)
  6 kobolds (D:1)
  2 frilled lizards
  5 rats
49 creatures vanquished.

Notes
Turn   | Place    | Note
-------+----------+-------------------------------------------
     0 | D:1      | wellist the Hill Orc Fighter began the quest for the Orb.
     0 | D:1      | Reached XP level 1. HP: 19/19 MP: 1/1
   112 | D:1      | Reached XP level 2. HP: 23/27 MP: 2/2
   368 | D:2      | Noticed Sigmund
   398 | D:2      | Reached XP level 3. HP: 19/33 MP: 3/3
  1261 | D:2      | Reached XP level 4. HP: 39/41 MP: 4/4
  2042 | D:3      | Found a white marble altar of Elyvilon.
  2192 | D:3      | Reached XP level 5. HP: 44/47 MP: 5/5
  2334 | D:3      | Noticed an ogre
  2342 | D:3      | Mangled by an ogre

Vault maps used:
D:1:      dpeg_arrival_more_subterranean_lakeside_camping
D:2:      minmay_pentomino_s2, uniq_sigmund
D:3:      old_standard_altar, serial_forest, infiniplex_forest_clump_cross,
          infiniplex_forest_lined_2, infiniplex_forest_straight_5,
          infiniplex_forest_lined_3, infiniplex_forest_side_room,
          infiniplex_forest_lined_2

Skill      XL: |  1  2  3  4 |
---------------+-------------+-----
Axes           | 3 4 |  4.2
Fighting       | 4 |  4.8
Armour         | 4 |  4.3
Shields        | |  3.8

Action                   |  1- 3 |  4- 6 || total
-------------------------+-------+-------++-------
Melee: War axe           |   120 |    65 ||   185
  Eat: Chunk             |     1 |     1 ||     2
       Ration            |       |     1 ||     1
Armor: Scale mail        |    70 |    33 ||   103
Dodge: Dodged            |    32 |    22 ||    54
Block: Shield            |    67 |    32 ||    99

Table legend:
 A = Spawn XP
 B = Non-spawn XP
 C = Spawn XP percentage of total XP
 D = Spawn monster count
 E = Non-spawn monster count
 F = Spawn count percentage of total count
 G = Total turns spent on level
                    A         B        C        D         E        F      G
               +---------+---------+-------+---------+---------+-------+---------
         Total |       0 |     190 |   0.0 |       0 |      49 |   0.0 |  2342
               +---------+---------+-------+---------+---------+-------+---------
           D:1 |       0 |      65 |   0.0 |       0 |      28 |   0.0 |  1395
           D:2 |       0 |      38 |   0.0 |       0 |       7 |   0.0 |   440
           D:3 |       0 |      87 |   0.0 |       0 |      14 |   0.0 |   507
               +---------+---------+-------+---------+---------+-------+---------
